 Dungeon Crawl Stone Soup version 0.13.0-25-g43d4df3 (webtiles) character file.

7093 Rycklaryybbe the Swashbuckler (level 11, 0/68 HPs)
             Began as a Kobold Berserker on Oct 28, 2013.
             Was a High Priest of Trog.
             Killed from afar by ark's ghost (7 damage)
             ... with a rocky blast
             ... on Level 10 of the Dungeon.
             The game lasted 00:34:05 (7713 turns).

Rycklaryybbe the Swashbuckler (Kobold Berserker)    Turns: 7713, Time: 00:34:11

HP   0/68        AC  6     Str 17      XL: 11   Next: 24%
MP   0/3         EV  3     Int 12      God: Trog [*****.]
Gold 359         SH  0     Dex 21      Spells:  0 memorised, 10 levels left

Res.Fire  : + . .   See Invis. : .   o - +1,+3 short sword (antimagic)
Res.Cold  : . . .   Warding    : .   H - +2 robe "Klihag" {rF+ Dex+3}
Life Prot.: + + +   Conserve   : .   (no shield)
Res.Poison: +       Res.Corr.  : .   h - +0 wizard hat {Int+3}
Res.Elec. : .       Clarity    : .   I - +1 cloak {rPois}
Sust.Abil.: + .     Spirit.Shd : +   (no gloves)
Res.Mut.  : .       Stasis     : .   (no boots)
Res.Rott. : +       Flight     : .   s - amulet of guardian spirit
Saprovore : + + .                    p - cursed +4 ring of intelligence
                                     G - ring of sustain abilities

@: petrified, drained, somewhat resistant to hostile enchantments, fairly
stealthy
A: disease resistance, carnivore 3, saprovore 2
a: Burn Spellbooks, Berserk, Trog's Hand, Brothers in Arms, Renounce Religion


You were on level 10 of the Dungeon.
You worshipped Trog.
Trog was extremely pleased with you.
You were very full.

You visited 1 branch of the dungeon, and saw 10 of its levels.

You collected 361 gold pieces.
You spent 22 gold pieces at shops.

Inventory:

Hand weapons
 a - a +1,+1 orcish short sword of draining
 b - a +0 blowgun
 o - a +1,+3 anti-magic short sword (weapon)
 q - a +1,+3 dagger of chaos
 M - a +4,+4 elven dagger of venom
Missiles
 k - 4 darts of dispersal
 y - 40 poisoned needles
 Q - 2 throwing nets (quivered)
Armour
 d - a +2 cloak
 h - a +0 wizard hat of intelligence (worn)
 r - the +1 ring mail of Dyq Thrymo {Dam-4, unknown}
   (You found it on level 5 of the Dungeon)

   It affects your damage-dealing abilities (-4).
 H - the +2 robe "Klihag" (worn) {rF+ Dex+3}
   (You found it on level 4 of the Dungeon)

   It affects your dexterity (+3).
   It protects you from fire.
 I - a +1 cloak of poison resistance (worn)
 W - a +1 leather armour of cold resistance
Magical devices
 x - a wand of flame (20) {unknown}
 N - a wand of fire (5)
 O - a wand of digging (19)
 U - a wand of frost (8)
Comestibles
 c - 2 meat rations
Scrolls
 f - a scroll of amnesia {unknown}
 g - 6 scrolls of remove curse
 i - 3 scrolls of enchant weapon II {unknown}
 j - 3 scrolls of enchant weapon I {unknown}
 l - 3 scrolls of enchant armour
 n - 5 scrolls of teleportation
 u - a scroll of fear
 v - 9 scrolls of identify
 C - a scroll of magic mapping {unknown}
 S - 2 scrolls of curse weapon {unknown}
 X - a scroll of immolation {unknown}
 Y - a scroll of noise {unknown}
Jewellery
 p - a cursed +4 ring of intelligence (right hand)
 s - an amulet of guardian spirit (around neck)
 A - an uncursed ring of protection from fire {unknown}
 G - a ring of sustain abilities (left hand)
 T - an uncursed ring of sustain abilities
Potions
 m - a potion of brilliance {unknown}
 t - a potion of agility
 w - 2 potions of heal wounds {unknown}
 z - a potion of resistance
 E - a potion of flight
 F - 8 potions of curing
 J - a potion of magic
 Z - a potion of porridge {unknown}


   Skills:
 + Level 10.0(9.9) Fighting
 - Level 16.3(16.2) Short Blades
 - Level 1.7(1.6) Armour
 + Level 10.3(10.2) Dodging


You had 10 spell levels left.
You didn't know any spells.

Dungeon Overview and Level Annotations

Branches:
Dungeon (10/27)            Temple (0/1) D:7             Orc (0/4) D:9
   Lair: D:8-13

Altars:
Cheibriados
Makhleb
Nemelex Xobeh
Trog
the Shining One

Shops:
D:4 +%[(?

Annotations:
D:4 Psiweapon's ghost, average DDWr
D:10 ark's ghost, powerful TrEE


Innate Abilities, Weirdness & Mutations

You recuperate from illness quickly.
You are small and have problems with some larger weapons.
You are carnivorous and can eat meat at any time.
You can eat rotten meat.


Message History

Ark's ghost hits you! The water moccasin bites you.
* * * LOW HITPOINT WARNING * * *
The ogre hits you with a giant spiked club!
* * * LOW HITPOINT WARNING * * *
The hobgoblin hits you with a club.
* * * LOW HITPOINT WARNING * * *
The orc hits you from afar with an orcish trident.
* * * LOW HITPOINT WARNING * * *
The water moccasin bites you.
* * * LOW HITPOINT WARNING * * *
Ark's ghost casts a spell at you. You resist. The water moccasin bites you.
* * * LOW HITPOINT WARNING * * *
The ogre barely misses you. The orc hits you but does no damage.
The hobgoblin hits you with a club.
* * * LOW HITPOINT WARNING * * *
Ark's ghost casts a spell at you. The rocky blast hits you!
You die...

....
#.......
#........
#.........
#.....$....
#..Z.....#
#....o...#
#.pOg....###
#..@Sl......
#.######....
#.# #%# #.#
#.# #.# #.#
#.#


You could see an ogre, a water moccasin, an iguana, ark's ghost, an orc, a
hobgoblin and a yak skeleton.

Vanquished Creatures
  The ghost of ark the Grappler, an experienced TrEE (D:8)
  The ghost of Duskembrace the Grappler, an experienced TrMo of Makhleb (D:6)
  Pikel (D:6)
  Psyche (D:9)
  Grinder (D:5)
  3 yaks (D:8)
  A hippogriff (D:8)
  Eustachio (D:7)
  Prince Ribbit (D:4)
  2 ice beasts (D:7)
  4 centaurs (D:7)
  6 ogres
  2 giant frogs (D:8)
  A water moccasin (D:10)
  A manticore skeleton (D:6)
  A wyvern skeleton (D:6)
  2 orc warriors
  4 wights
  A troll zombie (D:8)
  A goliath beetle (D:8)
  A jelly (D:5)
  A crimson imp (D:5)
  2 orc wizards (D:8)
  Blork the orc (D:5)
  An orc priest (D:6)
  4 hounds
  3 iguanas
  A scorpion (D:8)
  Ijyb (D:2)
  A sky beast zombie (D:6)
  An ogre skeleton (D:7)
  Duvessa (D:6)
  A worker ant zombie (D:8)
  Dowan (D:6)
  A green rat (D:7)
  7 adders
  11 worker ants
  2 giant mites
  11 gnolls
  6 worms
  An adder zombie (D:7)
  An iguana skeleton (D:9)
  An adder skeleton (D:8)
  4 grey rats (D:7)
  2 oozes
  23 orcs
  A bat skeleton (D:4)
  A bat zombie (D:6)
  4 giant cockroaches
  20 goblins
  4 hobgoblins
  6 jackals
  13 kobolds
  5 quokkas
  2 ball pythons
  17 bats
  7 giant geckos
  7 giant newts
  2 kobold skeletons
  An orc skeleton (D:5)
  An orc zombie (D:5)
  17 rats
234 creatures vanquished.

Vanquished Creatures (collateral kills)
  Gastronok (D:9)
  2 yaks (D:7)
  3 wights (D:9)
  A worker ant (D:7)
  2 quokkas (D:9)
  2 rats (D:9)
11 creatures vanquished.

Vanquished Creatures (others)
  A grey rat (D:7)
  A rat (D:6)
2 creatures vanquished.

Grand Total: 247 creatures vanquished

Notes
Turn   | Place    | Note
--------------------------------------------------------------
     0 | D:1      | Rycklaryybbe, the Kobold Berserker, began the quest for the Orb.
     0 | D:1      | Reached XP level 1. HP: 14/14 MP: 0/0
    85 | D:1      | Reached XP level 2. HP: 14/19 MP: 1/1
   642 | D:1      | Reached XP level 3. HP: 24/24 MP: 2/2
   848 | D:2      | Noticed Ijyb
   881 | D:2      | Killed Ijyb
   881 | D:2      | Reached skill level 5 in Short Blades
   884 | D:2      | Acquired Trog's second power
   966 | D:2      | Reached XP level 4. HP: 18/28 MP: 3/3
  1200 | D:2      | Reached skill level 6 in Short Blades
  1907 | D:3      | Reached XP level 5. HP: 25/33 MP: 4/4
  2101 | D:3      | Reached skill level 7 in Short Blades
  2433 | D:4      | Found Atai's Magic Scroll Shop.
  2434 | D:4      | Found Cefokh Otou's Antique Weapon Shoppe.
  2690 | D:4      | Got an ominously black robe
  2698 | D:4      | Identified the +2 robe "Klihag" {rF+ Dex+3} (You found it on level 4 of the Dungeon)
  2752 | D:4      | Reached XP level 6. HP: 38/38 MP: 5/5
  2812 | D:4      | Found Jyilysm's Food Boutique.
  2838 | D:4      | Found Plog's Book Shoppe.
  2894 | D:4      | Reached skill level 8 in Short Blades
  3032 | D:4      | Found Uraefast's Antique Armour Emporium.
  3054 | D:4      | Bought a runed cloak for 22 gold pieces
  3079 | D:4      | Noticed an orc warrior
  3085 | D:4      | Noticed Psiweapon's ghost (average DDWr)
  3132 | D:4      | Killed an orc warrior
  3274 | D:4      | Noticed an ogre
  3274 | D:4      | Noticed Prince Ribbit
  3302 | D:4      | Killed an ogre
  3302 | D:4      | Reached skill level 9 in Short Blades
  3302 | D:4      | Reached XP level 7. HP: 21/43 MP: 6/6
  3309 | D:4      | Killed Prince Ribbit
  3318 | D:4      | Reached skill level 10 in Short Blades
  3398 | D:5      | Entered Level 5 of the Dungeon
  3420 | D:5      | Found a glowing golden altar of the Shining One.
  3439 | D:5      | Acquired Trog's third power
  3517 | D:5      | Noticed Blork the orc
  3529 | D:5      | Killed Blork the orc
  3532 | D:5      | Found a bloodstained altar of Trog.
  3783 | D:5      | Noticed Grinder
  3788 | D:5      | Paralysed by Grinder for 7 turns
  3828 | D:5      | Reached skill level 14 in Short Blades
  3828 | D:5      | Reached XP level 8. HP: 38/51 MP: 0/7
  4319 | D:5      | Killed Grinder
  4319 | D:5      | Reached skill level 15 in Short Blades
  4319 | D:5      | Reached XP level 9. HP: 47/56 MP: 5/8
  4338 | D:5      | Got a pitted ring mail
  4464 | D:6      | Noticed Duskembrace's ghost (experienced TrMo)
  4480 | D:6      | Killed Duskembrace's ghost
  4610 | D:6      | Found a burning altar of Makhleb.
  4755 | D:6      | Noticed Pikel
  4771 | D:6      | Killed Pikel
  4771 | D:6      | Reached skill level 16 in Short Blades
  4790 | D:6      | Noticed Duvessa
  4791 | D:6      | Noticed Dowan
  4817 | D:6      | Killed Duvessa
  4855 | D:6      | Killed Dowan
  5264 | D:7      | Reached XP level 10. HP: 61/61 MP: 9/9
  5402 | D:7      | Found a snail-covered altar of Cheibriados.
  5447 | D:7      | Found a staircase to the Ecumenical Temple.
  5461 | D:7      | Noticed Eustachio
  5495 | D:7      | Killed Eustachio
  6214 | D:8      | Noticed ark's ghost (experienced TrEE)
  6237 | D:8      | Killed ark's ghost
  6251 | D:8      | Found a sparkling altar of Nemelex Xobeh.
  6990 | D:8      | Reached XP level 11. HP: 62/68 MP: 10/10
  7118 | D:9      | Noticed Gastronok
  7177 | D:9      | Killed Gastronok
  7177 | D:9      | Reached skill level 10 in Dodging
  7265 | D:9      | Found a staircase to the Orcish Mines.
  7289 | D:9      | Received a gift from Trog
  7420 | D:9      | Noticed Psyche
  7442 | D:9      | Killed Psyche
  7550 | D:10     | Entered Level 10 of the Dungeon
  7650 | D:10     | Reached skill level 10 in Fighting
  7700 | D:10     | Noticed ark's ghost (powerful TrEE)
  7713 | D:10     | Killed from afar by ark's ghost

Action                   |  1- 3 |  4- 6 |  7- 9 | 10-12 || total
-------------------------+-------+-------+-------+-------++-------
Melee: Short sword       |   100 |   243 |   244 |    82 ||   669
       Dagger            |       |       |    35 |   432 ||   467
       Sabre             |       |       |     3 |       ||     3
 Fire: Blowgun           |       |       |     3 |       ||     3
Invok: Berserk           |     2 |       |     3 |     1 ||     6
       Burn Spellbooks   |       |     1 |       |     2 ||     3
       Trog's Hand       |       |     3 |     1 |     2 ||     6
       Brothers in Arms  |       |       |       |     2 ||     2
Evoke: Wand              |       |       |    12 |     5 ||    17
  Use: Potion            |     3 |     1 |     1 |       ||     5
       Scroll            |       |       |    16 |     2 ||    18
 Stab: Sleeping          |       |     2 |     5 |     2 ||     9
       Held in net/web   |       |     1 |       |       ||     1
